 Dungeon Crawl Stone Soup version 0.25.0-26-g0c896c7088 (webtiles) character file.

Game seed: 11983059427347884933

41167 MisterFreud the Grappler (level 13, -6/103 HPs)
             Began as a Demonspawn Abyssal Knight on July 5, 2020.
             Was a High Priest of Lugonu.
             Killed from afar by a raiju (18 damage)
             ... with a living lightning
             ... on level 6 of the Lair of Beasts.
             The game lasted 00:36:19 (17857 turns).

MisterFreud the Grappler (DsAK)                    Turns: 17857, Time: 00:36:24

Health: -6/103     AC: 18    Str: 16    XL:     13   Next: 78%
Magic:  20/20      EV: 14    Int: 16    God:    Lugonu [*****.]
Gold:   1045       SH:  0    Dex: 12    Spells: 12/12 levels left

rFire    + + .     SeeInvis .     - Unarmed
rCold    . . .     Gourm    .   (no shield)
rNeg     . . .     Faith    .   M - +0 chain mail
rPois    .         Spirit   .   (no helmet)
rElec    .         Reflect  .   S - scarf {+Inv}
rCorr    .         Harm     .   (gloves unavailable)
MR       .....                  (no boots)
Stlth    ..........             l - amulet of regeneration
HPRegen  0.67/turn              Q - +4 ring of protection
MPRegen  0.17/turn              N - +4 ring of evasion

@: no status effects
A: claws 3, molten scales 3, demonic guardian 1, fire resistance 1, flame cloud
immunity
a: Depart the Abyss, Bend Space, Banish, Corrupt, Enter the Abyss, Renounce
Religion, Evoke Invisibility


You were on level 6 of the Lair of Beasts.
You worshipped Lugonu.
Lugonu was extremely pleased with you.
You were not hungry.

You visited 2 branches of the dungeon, and saw 16 of its levels.
You visited the Abyss 1 time.
You also visited: Sewer and Ossuary.

You collected 1285 gold pieces.
You spent 240 gold pieces at shops.

Inventory:

Missiles
 a - a throwing net
 f - 3 boomerangs
 j - 6 datura-tipped darts (quivered)
 r - 59 poisoned darts
 A - 7 curare-tipped darts
Armour
 M - a +0 chain mail (worn)
 S - a scarf of invisibility (worn)
Jewellery
 l - an amulet of regeneration (around neck)
 n - a +6 ring of dexterity
 s - an uncursed ring of positive energy
 K - an uncursed ring of wizardry
 N - a +4 ring of evasion (right claw)
 Q - a +4 ring of protection (left claw)
 T - an uncursed ring of protection from cold
Wands
 d - a wand of flame (2)
 k - a wand of clouds (4)
 O - a wand of disintegration (17)
 R - a wand of paralysis (3)
 Y - a wand of enslavement (3)
Scrolls
 e - 8 scrolls of teleportation
 h - 2 scrolls of vulnerability {unknown}
 i - a scroll of enchant armour
 m - 8 scrolls of enchant weapon
 o - 4 scrolls of immolation
 t - 6 scrolls of remove curse
 x - 8 scrolls of fog
 y - a scroll of summoning {unknown}
 D - 3 scrolls of amnesia
 F - a scroll of magic mapping
 J - a scroll of blinking {unknown}
 P - 5 scrolls of identify
 U - a scroll of acquirement {unknown}
 X - 2 scrolls of fear {unknown}
 Z - a scroll of random uselessness {unknown}
Potions
 c - 3 potions of cancellation
 g - 3 potions of stabbing
 p - 3 potions of flight
 q - 4 potions of haste
 u - 9 potions of curing
 v - 2 potions of heal wounds
 z - 6 potions of lignification
 B - a potion of berserk rage {unknown}
 C - a potion of resistance {unknown}
 E - 2 potions of might {unknown}
 G - 3 potions of magic
 H - a potion of invisibility {unknown}
 I - 3 potions of brilliance {unknown}
 L - a potion of mutation
Miscellaneous
 V - a phantom mirror
Comestibles
 b - 32 rations
 w - 4 chunks of flesh


   Skills:
 - Level 10.0 Fighting
 - Level 8.0 Armour
 - Level 8.0 Dodging
 + Level 14.4 Unarmed Combat
 - Level 10.0 Invocations
 + Level 6.7 Evocations


You had 12 spell levels left.
You didn't know any spells.
Your spell library contained the following spells:

 Spells                   Type           Power        Failure   Level  Hunger
 Corona                   Hex            #......      97%         1    ##.....
 Magic Dart               Conj           #...         97%         1    ##.....
 Blink                    Tloc           N/A          99%         2    ###....
 Call Imp                 Summ           #.......     99%         2    ###....
 Ensorcelled Hibernation  Hex/Ice        #.....       99%         2    ###....
 Slow                     Hex            #.......     99%         2    ###....
 Confusing Touch          Hex            #.......     100%        3    ####...
 Conjure Flame            Conj/Fire      #.......     100%        3    ####...
 Dazzling Flash           Conj/Hex       #.....       100%        3    ####...
 Gell's Gravitas          Tloc           #.........   100%        3    ####...
 Mephitic Cloud           Conj/Pois/Air  #.......     100%        3    ####...
 Tukima's Dance           Hex            #.......     100%        3    ####...
 Petrify                  Tmut/Erth      #.......     100%        4    #####..
 Metabolic Englaciation   Hex/Ice        #.........   100%        5    ######.
 Yara's Violent Unravell  Hex/Tmut       #.........   100%        5    ######.


Dungeon Overview and Level Annotations

Branches:
Dungeon (10/15)            Temple (0/1) D:5            Lair (6/6) D:10
  Swamp (0/4) Lair:3       Spider (0/4) Lair:2        Slime (0/5) Lair:6
  Sewer (visited)         Ossuary (visited)
    Orc: D:9-12

Altars:
Dithmenos
Elyvilon
Gozag
Nemelex Xobeh
Qazlal
Sif Muna
Uskayaw
Yredelemnul
The Shining One
Beogh

Shops:
D:5 *   D:9 %

Annotations:
D:7 3 runed translucent doors, SamuraiZach's ghost, novice TrBe
Abyss:1 Fannar


Innate Abilities, Weirdness & Mutations

You have claws for hands.
You are completely covered in molten scales. (AC +4, rF+)
A weak demonic guardian rushes to your aid.
Your flesh is heat resistant. (rF+)
You are immune to clouds of flame.


Message History

Unknown command.
Things that are here:
a hell hound corpse; a hell hound skeleton The raiju bursts into living lightning!
The living lightning hits you!
The raiju blinks!
You miss the raiju.
The raiju is lightly wounded.
The raiju bursts into living lightning!
The living lightning hits you!!
* * * LOW HITPOINT WARNING * * *
The living lightning hits you.
* * * LOW HITPOINT WARNING * * *
The raiju blinks!
You feel much better. The black bear closely misses you.
The black bear claws you. The black bear closely misses you.
The raiju bursts into living lightning!
The living lightning hits you!!
* * * LOW HITPOINT WARNING * * *
The living lightning hits you!!
You die...

#........ ## #........ .. ##.#.
#......P. hh ##..... #........
... ###.... #........ .... #.....
.......hh ..h## #..# .#.....
##h%.###..####### #.h..h
##...h#....#...#@##### ##....
.......#....§..h#§...##### ##....
###...P#.#.....÷......#P.###P....
#%...#P##.#.#.#...h.#...##......
##..#P##########...#............
#.### ####...P......... ##
##........#.... ##P..P..####....
#.......## #....


You could see a raiju and a black bear.

Vanquished Creatures
  A catoblepas (Lair:6)
  A two-headed ogre (D:8)
  3 death yaks (Lair:5)
  Sonja (Lair:1)
  An orb spider (Lair:2)
  8 elephants
  12 spiny frogs
  5 black mambas
  2 torpor snails
  6 komodo dragons
  7 rime drakes
  2 polar bears (Lair:6)
  2 trolls (D:10)
  2 raiju (Lair:6)
  2 dream sheep
  10 hippogriffs
  23 blink frogs
  A wraith (D:10)
  2 wyverns
  2 basilisks (Lair:2)
  27 yaks
  Grum (Lair:1)
  Menkaure (D:5)
  2 wargs (Lair:6)
  10 water moccasins
  4 hell hounds
  5 porcupines
  Purgy (Sewer)
  3 orc warriors
  2 sky beasts (D:9)
  A necrophage (D:9)
  2 ice beasts
  6 black bears (Lair:6)
  An eye of draining (D:9)
  5 phantoms
  3 centaurs
  3 ogres
  8 wolves
  5 crocodiles
  11 bullfrogs
  6 big kobolds
  Dowan (D:6)
  A scorpion (D:3)
  2 electric eels (Lair:1)
  3 crimson imps
  4 orc priests
  5 hounds
  A centaur zombie (D:9)
  2 jellies
  7 orc wizards
  A bullfrog skeleton (D:10)
  3 iguanas
  Natasha (twice) (D:3)
  3 worker ants
  A big kobold zombie (Ossuary)
  2 hound zombies (D:5)
  8 mummies
  A worker ant zombie (D:9)
  A gnoll (D:4)
  6 adders
  3 shadow imps
  4 worms
  A dart slug (D:2)
  7 leopard geckos
  16 orcs
  6 giant cockroaches
  2 gnoll zombies (Ossuary)
  8 goblins
  8 hobgoblins
  2 jackals (D:5)
  4 quokkas
  4 ball pythons
  2 bats
  11 frilled lizards
  2 hobgoblin zombies (Ossuary)
  38 kobolds
  3 kobold zombies (Ossuary)
  3 rats
  A plant (D:10)
  A toadstool (D:1)
380 creatures vanquished.

Vanquished Creatures (collateral kills)
  A death yak (Lair:4)
  A spiny frog (Lair:4)
  A komodo dragon (Lair:5)
  2 blink frogs
  Prince Ribbit (Lair:1)
  A dream sheep (Lair:6)
  Sigmund (D:3)
  A wyvern (D:10)
  Eustachio (D:5)
  3 yaks
  Edmund (D:4)
  A water moccasin (Lair:6)
  Duvessa (D:6)
  A black bear (D:9)
  A wolf (Lair:1)
  A crocodile (Lair:1)
  A bullfrog (D:7)
  Natasha (D:3)
  A mummy (Ossuary)
  A gnoll (D:4)
  3 leopard geckos (D:6)
  An orc (D:9)
  2 hobgoblins (D:4)
  A kobold (D:4)
  A fungus (Lair:6)
31 creatures vanquished.

Vanquished Creatures (others)
  5 hydras
  A tyrant leech (Lair:3)
  A bush (Lair:5)
  6 fungi
  12 plants
  3 toadstools (D:1)
28 creatures vanquished.

Grand Total: 439 creatures vanquished

Notes
Turn   | Place    | Note
-------+----------+-------------------------------------------
     0 | Abyss:1  | MisterFreud the Demonspawn Abyssal Knight began the quest
                  | for the Orb.
     0 | Abyss:1  | Reached XP level 1. HP: 18/18 MP: 2/2
    87 | Abyss:1  | Found a corrupted altar of Lugonu.
   113 | Abyss:1  | Noticed a tentacled starspawn
   114 | D:1      | Escaped the Abyss
   312 | D:1      | Reached skill level 2 in Unarmed Combat
   446 | D:1      | Gained mutation: A weak demonic guardian rushes to your
                  | aid. [demonic ancestry]
   446 | D:1      | Reached XP level 2. HP: 6/24 MP: 3/3
   857 | D:1      | Reached * piety under Lugonu
  1057 | D:2      | Found a stormy altar of Qazlal.
  1233 | D:2      | Reached skill level 3 in Unarmed Combat
  1339 | D:2      | Found a basalt altar of Yredelemnul.
  1378 | D:2      | Gained mutation: You are partially covered in molten
                  | scales. (AC +2) [demonic ancestry]
  1378 | D:2      | Reached XP level 3. HP: 23/29 MP: 4/4
  1974 | D:3      | Noticed Natasha
  1978 | D:3      | Killed Natasha
  2193 | D:3      | Noticed Natasha
  2204 | D:3      | Killed Natasha
  2204 | D:3      | Reached skill level 4 in Unarmed Combat
  2204 | D:3      | Gained mutation: You have sharp fingernails. [demonic
                  | ancestry]
  2204 | D:3      | Reached XP level 4. HP: 23/35 MP: 5/5
  2372 | D:3      | Noticed Natasha
  2378 | D:3      | Killed Natasha
  2540 | D:3      | Noticed Sigmund
  2558 | D:3      | Killed Sigmund
  2558 | D:3      | Reached skill level 5 in Unarmed Combat
  2558 | D:3      | Reached XP level 5. HP: 15/41 MP: 6/6
  2705 | D:3      | Gained mutation: You have very sharp fingernails. [demonic
                  | ancestry]
  2705 | D:3      | Reached XP level 6. HP: 39/47 MP: 7/7
  2892 | D:4      | Noticed Edmund
  2909 | D:4      | Killed Edmund
  2909 | D:4      | Reached ** piety under Lugonu
  2909 | D:4      | Reached skill level 6 in Unarmed Combat
  3195 | D:4      | Gained mutation: You are mostly covered in molten scales.
                  | (AC +3) [demonic ancestry]
  3195 | D:4      | Reached XP level 7. HP: 45/53 MP: 9/9
  3403 | D:4      | Reached *** piety under Lugonu
  3445 | D:4      | Reached skill level 5 in Invocations
  3766 | D:4      | Found a shadowy altar of Dithmenos.
  4143 | D:5      | Entered Level 5 of the Dungeon
  4224 | D:5      | Noticed Eustachio
  4237 | D:5      | Killed Eustachio
  4237 | D:5      | Reached skill level 5 in Fighting
  4237 | D:5      | Reached skill level 7 in Unarmed Combat
  4237 | D:5      | Gained mutation: You are completely covered in molten
                  | scales. (AC +4, rF+) [demonic ancestry]
  4237 | D:5      | Reached XP level 8. HP: 41/62 MP: 12/12
  4400 | D:5      | Found an opulent altar of Gozag.
  4420 | D:5      | Found a shimmering blue altar of Sif Muna.
  4429 | D:5      | Found a staircase to the Ecumenical Temple.
  4442 | D:5      | Noticed Menkaure
  4448 | D:5      | Killed Menkaure
  4477 | D:5      | Found Doza Jirr's General Store.
  4480 | D:5      | Bought a scroll of teleportation for 30 gold pieces
  4480 | D:5      | Bought a wand of acid (5) for 180 gold pieces
  4480 | D:5      | Bought a potion of curing for 30 gold pieces
  5036 | D:6      | Found a sand-covered staircase.
  5051 | Ossuary  | Entered an ossuary
  5114 | Ossuary  | Reached skill level 1 in Evocations
  5418 | D:6      | Reached **** piety under Lugonu
  5468 | D:6      | Reached skill level 8 in Unarmed Combat
  5471 | D:6      | Noticed Dowan
  5472 | D:6      | Noticed Duvessa
  5491 | D:6      | Killed Duvessa
  5492 | D:6      | Killed Dowan
  5644 | D:6      | Found a glowing drain.
  5654 | Sewer    | Entered a sewer
  5770 | Sewer    | Noticed Purgy
  5780 | Sewer    | Killed Purgy
  6375 | D:7      | Reached XP level 9. HP: 69/69 MP: 13/13
  6521 | D:7      | Found a runed translucent gate.
  6521 | D:7      | Noticed SamuraiZach's ghost (novice TrBe)
  6522 | D:7      | Found a runed translucent gate.
  6523 | D:7      | Found a runed translucent gate.
  6529 | D:7      | Found a roughly hewn altar of Beogh.
  6889 | D:8      | Noticed a two-headed ogre
  6905 | D:8      | Killed a two-headed ogre
  6905 | D:8      | Reached skill level 9 in Unarmed Combat
  6910 | D:8      | Reached skill level 5 in Evocations
  7016 | D:8      | Found a white marble altar of Elyvilon.
  7770 | D:9      | Found a glowing golden altar of the Shining One.
  7874 | D:9      | Reached skill level 10 in Unarmed Combat
  8207 | D:9      | Gained mutation: Your flesh is heat resistant. (rF+)
                  | [demonic ancestry]
  8207 | D:9      | Reached XP level 10. HP: 68/76 MP: 14/14
  8237 | D:9      | Found a sparkling altar of Nemelex Xobeh.
  8847 | D:9      | Found Anesynn's Food Shoppe.
  8982 | D:10     | Entered Level 10 of the Dungeon
  9126 | D:10     | Reached ***** piety under Lugonu
  9138 | D:10     | Reached skill level 5 in Armour
  9591 | D:10     | Reached skill level 10 in Invocations
  9597 | D:10     | Found a staircase to the Lair.
  9633 | Lair:1   | Entered Level 1 of the Lair of Beasts
  9710 | Lair:1   | Noticed a black mamba
  9718 | Lair:1   | Killed a black mamba
  9759 | Lair:1   | Gained mutation: You are immune to clouds of flame.
                  | [demonic ancestry]
  9759 | Lair:1   | Reached XP level 11. HP: 34/81 MP: 18/18
  9770 | Lair:1   | Noticed Sonja
  9777 | Lair:1   | Killed Sonja
 10098 | Lair:1   | Noticed a six-headed hydra
 10099 | Lair:1   | Banished a six-headed hydra
 10304 | Lair:1   | Noticed Prince Ribbit
 10310 | Lair:1   | Killed Prince Ribbit
 10505 | Lair:1   | Noticed Grum
 10549 | Lair:1   | Killed Grum
 11066 | Lair:2   | Reached skill level 11 in Unarmed Combat
 11502 | Lair:2   | Noticed an eight-headed hydra
 11505 | Lair:2   | Banished an eight-headed hydra
 11567 | Lair:2   | Gained mutation: You have claws for hands. [demonic
                  | ancestry]
 11567 | Lair:2   | Reached XP level 12. HP: 86/95 MP: 19/19
 11706 | Lair:2   | Found a hole to the Spider Nest.
 12014 | Lair:3   | Found a staircase to the Swamp.
 12324 | Lair:3   | Noticed Fannar
 12339 | Lair:3   | Banished Fannar
 12712 | Lair:3   | Found a hide-covered altar of Uskayaw.
 12723 | Lair:3   | Reached skill level 12 in Unarmed Combat
 12772 | Lair:3   | Reached skill level 10 in Fighting
 12772 | Lair:3   | Reached skill level 1 in Dodging
 13553 | Lair:4   | Noticed an eight-headed hydra
 13563 | Lair:4   | Banished an 11-headed hydra
 14226 | Lair:4   | Reached skill level 5 in Dodging
 14424 | Lair:4   | Noticed a seven-headed hydra
 14425 | Lair:4   | Banished a seven-headed hydra
 14437 | Lair:4   | Reached skill level 13 in Unarmed Combat
 14601 | Lair:4   | Noticed a four-headed hydra
 14601 | Lair:4   | Noticed a death yak
 14602 | Lair:4   | Banished a four-headed hydra
 14612 | Lair:4   | Killed a death yak
 14612 | Lair:4   | Reached XP level 13. HP: 101/103 MP: 16/20
 15919 | Lair:6   | Entered Level 6 of the Lair of Beasts
 16281 | Lair:6   | Found a staircase to the Slime Pits.
 17164 | Lair:5   | Reached skill level 14 in Unarmed Combat
 17857 | Lair:6   | Killed from afar by a raiju

Illustrated notes

Levels and vault maps discovered:
D:1:      ldierk_water_garden, layout_rooms, nrook_mini_vaults
D:2:      layout_basic, nicolae_overflow_crystal_walls, lemuel_round_altar,
          first_ration
D:3:      layout_basic, uniq_sigmund, uniq_ijyb, uniq_natasha
D:4:      minmay_goblin_kobold_castle, layout_loops_ring, kennysheep_mini_moat,
          uniq_edmund
D:5:      layout_rooms, grunt_temple_overflow_open,
          minmay_temple_entry_junction_2, serial_shops, kennysheep_mini,
          uniq_menkaure, uniq_eustachio
D:6:      layout_gridville, gup_sewer_entry_pipe, gup_ossuary_entry_pyramid,
          uniq_duvessa
D:7:      layout_basic, biasface_ghost_orc_armoury
D:8:      layout_rooms, basic_altar
D:9:      layout_loops_corners, nicolae_tso_carved_into_rock, serial_shops,
          nicolae_shop_crystal, grunt_ogre_cave,
          nemelex_xobeh_ov_fountains_minmay
D:10:     layout_basic, dpeg_oklobed_lair, minmay_checkerbox
Lair:1:   layout_chaotic_city, serial_bayou_shore_b, infiniplex_staircase_pool,
          uniq_grum, uniq_sonja, uniq_prince_ribbit2
Lair:2:   layout_regular_city, nicolae_spider_entry_orb_guardian, st_stairs_11
Lair:3:   layout_cave_pods, minmay_swamp_entry_worms, serial_rivers,
          chequers_serial_rivers_marsh, chequers_serial_rivers_marsh,
          chequers_serial_rivers_micro_a, chequers_serial_rivers_micro_e,
          chequers_serial_rivers_small_b, basic_altar, minivault_23,
          st_stairs_13, chequers_serial_rivers_small_3, uniq_fannar, uniq_urug
Lair:4:   layout_long_grid, minmay_shattered_shrine, grunt_megastairs_3,
          lemuel_fruit_tree
Lair:5:   layout_small_grid
Lair:6:   wormcave, layout_hall_layers, hangedman_lair_caniforms_friends,
          dpeg_slime_entry_corner, serial_bayou_crossing

Skill      XL: |  1  2  3  4  5  6  7  8  9 10 11 12 13 |
---------------+----------------------------------------+-----
Unarmed Combat | 2 3 4 5 6 7 8 10 11 13 14 | 14.4
Invocations    | 3 5 6 10 | 10.0
Fighting       | 5 6 9 10 | 10.0
Evocations     | 3 6 |  6.7
Armour         | 3 7 8 |  8.0
Dodging        | 5 8 |  8.0

Action                   |  1- 3 |  4- 6 |  7- 9 | 10-12 | 13-15 || total
-------------------------+-------+-------+-------+-------+-------++-------
Melee: Unarmed           |   181 |    98 |   457 |   804 |   311 ||  1851
       Punch             |     2 |     2 |    13 |    32 |    17 ||    66
Invok: Depart the Abyss  |     1 |       |       |       |       ||     1
       Banish            |       |       |       |     8 |     8 ||    16
Evoke: Wand              |       |       |     3 |    14 |     6 ||    23
  Use: Scroll            |       |    10 |     8 |       |     1 ||    19
       Potion            |       |       |       |     3 |     2 ||     5
 Stab: Distracted        |       |     1 |     1 |     5 |     2 ||     9
       Sleeping          |       |       |     1 |       |       ||     1
       Paralysed         |       |       |       |     3 |       ||     3
  Eat: Chunk             |     4 |     3 |     6 |    20 |    14 ||    47
       Ration            |       |       |     3 |     1 |       ||     4
Armor: Leather armour    |    49 |    28 |   168 |       |       ||   245
       Chain mail        |       |       |     6 |   348 |   184 ||   538
Dodge: Dodged            |    92 |    47 |   210 |   392 |   220 ||   961
